 Dungeon Crawl Stone Soup version 0.25.1-1-g288607f5aa (webtiles) character file.

Game seed: 14796263712466337822

16094 BledDest the Slinger (level 12, -1/101 HPs)
             Began as a Red Draconian Artificer on July 28, 2020.
             Was a Believer of Qazlal.
             Slain by a hell knight
             ... wielding a +2 halberd of flaming
              (18 damage)
             ... in a volcano.
             The game lasted 00:38:53 (14630 turns).

BledDest the Slinger (Red Draconian Artificer)     Turns: 14630, Time: 00:38:53

Health: -1/101     AC: 14    Str: 15    XL:     12   Next: 7%
Magic:  9/17       EV: 16    Int: 12    God:    Qazlal [**....]
Gold:   802        SH:  0    Dex: 16    Spells: 11/11 levels left

rFire    + . .     SeeInvis .   a - +0 hunting sling (vorpal)
rCold    . . .     Gourm    .   (no shield)
rNeg     . . .     Faith    .   (armour unavailable)
rPois    .         Spirit   .   (helmet restricted)
rElec    .         Reflect  +   i - +2 cloak {MR+}
rCorr    .         Harm     .   A - +2 pair of gloves
MR       +....                  (no boots)
Stlth    ++........             t - amulet of reflection
HPRegen  0.26/turn              B - ring of stealth
MPRegen  0.15/turn              (no ring)

@: confused
A: breathe fire, unfitting armour, fire resistance 1, cold-blooded, AC +8
a: Breathe Fire, Upheaval, Renounce Religion


You were in a volcano.
You worshipped Qazlal.
Qazlal was pleased with you.
You were not hungry.

You visited 3 branches of the dungeon, and saw 13 of its levels.
You also visited: Volcano.

You collected 802 gold pieces.

Inventory:

Hand Weapons
 a - a +0 vorpal hunting sling (weapon)
 b - a +1 dagger of electrocution
 g - a +3 quarterstaff of chaos
 r - a +2 vorpal halberd
Missiles
 j - 275 stones (quivered)
 n - 51 poisoned darts
 s - 31 sling bullets
Armour
 i - a +2 cloak of magic resistance (worn)
 A - a +2 pair of gloves (worn)
Jewellery
 q - an uncursed ring of fire
 t - an amulet of reflection (around neck)
 B - a ring of stealth (left hand)
 C - an uncursed amulet of magic regeneration {unknown}
 S - an uncursed ring of fire
Wands
 c - a wand of enslavement (16)
 d - a wand of flame (12)
 I - a wand of paralysis (10)
 Q - a wand of random effects (26)
Scrolls
 e - 2 scrolls of magic mapping
 o - 3 scrolls of enchant armour
 v - a scroll of vulnerability {unknown}
 y - 2 scrolls of blinking {unknown}
 z - 2 scrolls of random uselessness {unknown}
 D - 3 scrolls of amnesia
 E - 3 scrolls of teleportation
 F - 3 scrolls of identify
 H - a scroll of immolation {unknown}
 K - 3 scrolls of remove curse
 L - a scroll of enchant weapon {unknown}
 M - 3 scrolls of fog {unknown}
 O - a scroll of silence {unknown}
Potions
 h - 3 potions of might {unknown}
 k - 5 potions of curing
 l - 2 potions of stabbing
 m - a potion of cancellation
 p - 4 potions of brilliance
 w - a potion of ambrosia
 x - 3 potions of flight
 G - a potion of mutation
 J - 2 potions of berserk rage
 N - a potion of haste {unknown}
 P - a potion of invisibility
Comestibles
 f - 24 rations


   Skills:
 + Level 8.0 Fighting
 - Level 1.0 Short Blades
 + Level 12.6 Slings
 + Level 6.6 Dodging
 - Level 0.8 Stealth
 + Level 7.5 Invocations
 + Level 7.5 Evocations


You had 11 spell levels left.
You didn't know any spells.
Your spell library contained the following spells:

 Spells                   Type           Power        Failure   Level  Hunger
 Animate Skeleton         Necr           N/A          32%         1    ##.....
 Beastly Appendage        Tmut           #.....       32%         1    ##.....
 Foxfire                  Conj/Fire      #...         32%         1    ##.....
 Pain                     Necr           #...         32%         1    ##.....
 Summon Small Mammal      Summ           #...         32%         1    ##.....
 Call Imp                 Summ           #.......     45%         2    ###....
 Sticks to Snakes         Tmut           #.......     45%         2    ###....
 Call Canine Familiar     Summ           #.......     69%         3    ####...
 Conjure Flame            Conj/Fire      #.......     69%         3    ####...
 Inner Flame              Hex/Fire       #.......     69%         3    ####...
 Spider Form              Tmut/Pois      #.........   69%         3    ####...
 Summon Guardian Golem    Hex/Summ       #.......     69%         3    ####...
 Vampiric Draining        Necr           #.........   69%         3    ####...
 Animate Dead             Necr           N/A          97%         4    #####..
 Ice Form                 Ice/Tmut       #.......     97%         4    #####..
 Sticky Flame             Conj/Fire      #.......     97%         4    #####..
 Summon Ice Beast         Ice/Summ       #.......     97%         4    #####..
 Summon Lightning Spire   Summ/Air       #.......     97%         4    #####..
 Agony                    Necr           #.......     100%        5    ######.
 Blade Hands              Tmut           #.........   100%        5    ######.
 Fireball                 Conj/Fire      #.........   100%        5    ######.


Dungeon Overview and Level Annotations

Branches:
Dungeon (11/15)            Temple (1/1) D:6            Lair (1/6) D:11
Volcano (1/1)
    Orc: D:9-12

Altars:
Dithmenos
Elyvilon
Makhleb
Nemelex Xobeh
Okawaru
Qazlal
Sif Muna
Trog
Uskayaw
Vehumet
Yredelemnul
Zin

Shops:
D:4 [

Portals:
Abyss: D:5

Annotations:
D:5 2 transporters, wojtek's ghost, amateur DsMo


Innate Abilities, Weirdness & Mutations

You can breathe blasts of fire.
Your fiery red scales are hard. (AC +8)
You cannot fit into any form of body armour.
Your flesh is heat resistant. (rF+)
You are cold-blooded and may be slowed by cold attacks.


Message History

Okay, then.
Firing (i - inventory. (/) - cycle)
j - 276 stones (quivered)
Press: ? - help, Shift-Dir - straight line, f/p - hell knight
Aim: a hell knight, wielding a +2 halberd of flaming and wearing a +2 chain mail of fire resistance (severely wounded, fast, encased in ice)
You shoot a stone. The stone barely misses the salamander.
The stone barely misses the hell knight.
The stone hits the salamander mystic but does no damage.
The salamander mystic is almost dead.
The hell knight is no longer encased in ice.
You are confused.
You feel invigorated.
The salamander mystic is no longer encased in ice.
The salamander unwields a +0 shortbow of flaming.
It stops flaming.
The salamander hits you!
* * * LOW HITPOINT WARNING * * *
You are engulfed in flames.
You resist.
* * * LOW HITPOINT WARNING * * *
The hell knight closely misses you.
The hell knight hits you from afar with a +2 halberd of flaming!!
You die...

##...§.###8.8#
##...## ##.##
##..# #.# ####
#.# ####
#.####..##
##.#..##.##
##.#≈###.#
≈.#8#####8##.#
.S((NpN@###.##
≈.#8####.##.#
#.###.##
#§..##.#
#8###..## ##
####


You could see a hell knight (fast), a salamander mystic, a salamander and a lava
snake.

Vanquished Creatures
  Josephine (D:10)
  A hydra (D:9)
  Nergalle (D:11)
  3 unseen horrors
  2 salamanders (Volcano)
  A black mamba (Lair:1)
  A centaur skeleton (D:10)
  A komodo dragon (Lair:1)
  A rime drake (Lair:1)
  A troll (D:9)
  2 dream sheep (D:9)
  6 hippogriffs
  Sigmund (D:2)
  6 wraiths (D:10)
  9 fire bats (Volcano)
  5 yaks
  A basilisk (Lair:1)
  A water moccasin (D:10)
  Duvessa (D:7)
  A black bear (D:5)
  A porcupine (Lair:1)
  3 orc warriors
  3 ice beasts
  2 sky beasts
  A necrophage (D:9)
  2 phantoms
  5 ogres
  6 centaurs
  A crocodile (D:11)
  3 big kobolds (D:9)
  6 bullfrogs
  A gnoll sergeant (D:6)
  A water moccasin zombie (D:8)
  A wyvern skeleton (D:11)
  2 scorpions
  10 killer bees (D:10)
  4 howler monkeys
  7 lava snakes (Volcano)
  A bullfrog zombie (D:6)
  5 crimson imps
  8 hounds
  4 jellies
  8 orc priests
  6 orc wizards
  Crazy Yiuf (D:2)
  4 bullfrog skeletons
  2 iguanas
  10 worker ants
  A hound skeleton (D:7)
  A worker ant zombie (D:11)
  10 adders
  15 gnolls
  4 shadow imps
  3 oozes
  An adder zombie (D:7)
  An adder skeleton (D:6)
  3 worms (D:2)
  6 leopard geckos
  41 orcs
  5 bats
  A giant cockroach (D:5)
  4 goblins
  10 hobgoblins
  8 jackals
  6 quokkas
  A ball python skeleton (D:4)
  5 frilled lizards
  2 jackal skeletons
  3 kobolds
  A leopard gecko zombie (D:6)
  8 rats
294 creatures vanquished.

Vanquished Creatures (collateral kills)
  Dowan (D:7)
1 creature vanquished.

Grand Total: 295 creatures vanquished

Notes
Turn   | Place    | Note
-------+----------+-------------------------------------------
     0 | D:1      | BledDest the Draconian Artificer began the quest for the
                  | Orb.
     0 | D:1      | Reached XP level 1. HP: 16/16 MP: 3/3
   326 | D:1      | Reached XP level 2. HP: 21/25 MP: 4/4
  1085 | D:2      | Noticed Sigmund
  1151 | D:2      | Reached skill level 1 in Slings
  1170 | D:2      | Reached XP level 3. HP: 24/30 MP: 5/5
  1380 | D:2      | Reached skill level 2 in Slings
  1519 | D:2      | Reached XP level 4. HP: 26/37 MP: 6/6
  1784 | D:2      | Killed Sigmund
  1784 | D:2      | Reached skill level 4 in Slings
  1784 | D:2      | Reached XP level 5. HP: 27/42 MP: 7/7
  2272 | D:2      | Found a runed translucent door.
  2273 | D:2      | Noticed Crazy Yiuf
  2312 | D:2      | Killed Crazy Yiuf
  2312 | D:2      | Reached XP level 6. HP: 29/50 MP: 8/8
  2548 | D:3      | Reached skill level 5 in Slings
  3410 | D:4      | Found Wohaq's Antique Armour Boutique.
  3425 | D:4      | Reached skill level 6 in Slings
  3792 | D:4      | Your scales start taking on a fiery red colour.
  3792 | D:4      | Reached XP level 7. HP: 53/56 MP: 9/9
  3792 | D:4      | Gained mutation: Your flesh is heat resistant. (rF+) [Red
                  | Draconian growth]
  4323 | D:4      | Reached skill level 7 in Slings
  4625 | D:5      | Entered Level 5 of the Dungeon
  4736 | D:5      | Found a transporter.
  4782 | D:5      | Found a transporter.
  4800 | D:5      | Found a one-way gate to the infinite horrors of the Abyss.
  4800 | D:5      | Noticed wojtek's ghost (amateur DsMo)
  5416 | D:6      | Found a staircase to the Ecumenical Temple.
  5429 | Temple   | Entered the Ecumenical Temple
  5474 | Temple   | Became a worshipper of Qazlal Stormbringer
  5503 | D:6      | Reached skill level 8 in Slings
  5527 | D:6      | Reached XP level 8. HP: 59/62 MP: 10/10
  6296 | D:6      | Found a white marble altar of Elyvilon.
  6310 | D:6      | Reached skill level 9 in Slings
  6900 | D:7      | Reached * piety under Qazlal
  7082 | D:7      | Found a bloodstained altar of Trog.
  7116 | D:7      | Reached skill level 10 in Slings
  7366 | D:7      | Reached XP level 9. HP: 68/68 MP: 11/11
  7580 | D:7      | Noticed Duvessa
  7580 | D:7      | Noticed Dowan
  7598 | D:7      | Killed Dowan
  7632 | D:7      | Killed Duvessa
  7817 | D:7      | Reached skill level 11 in Slings
  8561 | D:8      | Reached skill level 1 in Invocations
  8592 | D:8      | Reached ** piety under Qazlal
  9101 | D:8      | Found a burning altar of Makhleb.
  9101 | D:8      | Found an iron altar of Okawaru.
  9101 | D:8      | Found a radiant altar of Vehumet.
  9633 | D:9      | Noticed a troll
  9637 | D:9      | Killed a troll
  9699 | D:9      | Reached XP level 10. HP: 74/78 MP: 13/13
  9930 | D:9      | Noticed a three-headed hydra
  9954 | D:9      | Killed a three-headed hydra
  9954 | D:9      | Reached skill level 5 in Fighting
 10210 | D:9      | Reached *** piety under Qazlal
 10351 | D:9      | Found a white marble altar of Elyvilon.
 10682 | D:10     | Entered Level 10 of the Dungeon
 10706 | D:10     | Reached skill level 5 in Evocations
 11149 | D:10     | HP: 4/80 [something (3)]
 11152 | D:10     | Killed an unseen horror
 11152 | D:10     | Reached skill level 5 in Invocations
 11641 | D:10     | Reached skill level 12 in Slings
 11885 | D:10     | Killed an unseen horror
 11885 | D:10     | Reached skill level 5 in Dodging
 11885 | D:10     | Reached XP level 11. HP: 59/89 MP: 15/15
 11921 | D:10     | Noticed Josephine
 11946 | D:10     | Killed Josephine
 12409 | D:10     | Noticed Nergalle
 13093 | D:11     | Killed Nergalle
 13395 | D:11     | Killed an unseen horror
 13638 | D:11     | Found a staircase to the Lair.
 13691 | Lair:1   | Entered Level 1 of the Lair of Beasts
 13897 | Lair:1   | Found a dark tunnel.
 13902 | Volcano  | Entered a volcano
 14584 | Volcano  | Noticed a hell knight
 14590 | Volcano  | Reached XP level 12. HP: 70/101 MP: 5/17
 14630 | Volcano  | Slain by a hell knight

Illustrated notes

Levels and vault maps discovered:
D:1:      psy_arrival_terrarium, layout_basic, eino_curves_03, minmay_bisected
D:2:      layout_basic, first_ration, uniq_sigmund, uniq_crazy_yiuf_cottage
D:3:      layout_loops_ring, grunt_decor_clamped
D:4:      layout_loops_ring, serial_shops, shop
D:5:      layout_loops_ring, gammafunk_ghost_abyssal_escape
D:6:      layout_loops_ring, minmay_temple_entry_waves, basic_altar, minmay_puff
D:7:      layout_loops_cross, basic_altar, grunt_potential, uniq_duvessa
D:8:      layout_loops_cross, gammafunk_temple_overflow_forgotten
D:9:      layout_long_grid, elyvilon_altar_5, hangedman_ranch
          [blue_anna_fruit_fields]
D:10:     layout_basic, hangedman_decor_push, uniq_nergalle, uniq_josephine
D:11:     layout_basic, lair_entry_dummy
Temple:   regret_index_temple_mists
Lair:1:   layout_chaotic_city, nicolae_volcano_entry_s_turn
Volcano:  volcano_grotto [vgs_hot_hot_hot]

Skill      XL: |  1  2  3  4  5  6  7  8  9 10 11 12 |
---------------+-------------------------------------+-----
Fighting       | 2 4 6 7 8 |  8.0
Slings         | 1 2 4 6 8 10 11 12 | 12.6
Dodging        | 3 5 6 |  6.6
Invocations    | 3 5 7 |  7.5
Evocations     | 4 5 7 |  7.5
Short Blades   | |  1.0
Stealth        | |  0.8

Action                   |  1- 3 |  4- 6 |  7- 9 | 10-12 || total
-------------------------+-------+-------+-------+-------++-------
Melee: Short sword       |    42 |       |       |       ||    42
       Tailslap          |     8 |       |    41 |     3 ||    52
       Dagger            |       |       |   317 |    15 ||   332
       Hunting sling     |       |       |       |     1 ||     1
 Fire: Hunting sling     |    78 |   147 |   300 |   651 ||  1176
Invok: Upheaval          |       |       |       |    20 ||    20
 Abil: Breathe Fire      |       |       |    11 |    13 ||    24
Evoke: Wand              |     1 |    14 |     2 |     2 ||    19
  Use: Potion            |     1 |       |     1 |     5 ||     7
       Scroll            |       |     5 |     7 |     3 ||    15
 Stab: Sleeping          |     1 |       |     8 |       ||     9
  Eat: Chunk             |     2 |     6 |    14 |     5 ||    27
       Ration            |       |       |     2 |     4 ||     6
Armor: Skin              |    34 |     5 |   133 |   107 ||   279
Dodge: Dodged            |    65 |    20 |   159 |   188 ||   432
Block: Other             |       |     3 |    87 |   147 ||   237
       Reflection        |       |       |     4 |     6 ||    10
